 Dungeon Crawl Stone Soup version 0.22-a0-614-g34fbaa0 (webtiles) character file.

352 Dmuffinman the Chopper (level 6, -1/53 HPs)
             Began as a Minotaur Berserker on July 17, 2018.
             Was a Priest of Trog.
             Slain by a hound (2 damage)
             ... on level 4 of the Dungeon.
             The game lasted 00:20:20 (2995 turns).

Dmuffinman the Chopper (Minotaur Berserker)         Turns: 2995, Time: 00:20:27

Health: -1/53      AC:  3    Str: 22    XL:     6   Next: 34%
Magic:  5/5        EV:  7    Int:  7    God:    Trog [***...]
Gold:   273        SH: 12    Dex: 11    Spells: 5/5 levels left

rFire    . . .     SeeInvis .   t - +1 war axe
rCold    . . .     Gourm    .   x - +0 large shield
rNeg     . . .     Faith    .   m - +0 leather armour
rPois    .         Spirit   .   (helmet restricted)
rElec    .         Reflect  .   (no cloak)
rCorr    .         Harm     .   (no gloves)
MR       .....                  (no boots)
Stlth    +.........             e - amulet of regeneration
HPRegen  0.57/turn              i - +3 ring of intelligence
MPRegen  0.09/turn              (no ring)

@: no status effects
A: retaliatory headbutt, horns 2
a: Berserk, Trog's Hand, Renounce Religion


You were on level 4 of the Dungeon.
You worshipped Trog.
Trog was most pleased with you.
You were not hungry.

You visited 1 branch of the dungeon, and saw 5 of its levels.

You collected 273 gold pieces.

Inventory:

Hand Weapons
 a - a +0 hand axe
 t - a +1 war axe (weapon)
Armour
 m - a +0 leather armour (worn)
 x - a +0 large shield (worn)
Jewellery
 e - an amulet of regeneration (around neck)
 i - a +3 ring of intelligence (left hand)
Scrolls
 b - a scroll of amnesia {unknown}
 d - 2 scrolls of teleportation
 k - a scroll of remove curse
 o - 2 scrolls of magic mapping
 q - a scroll of random uselessness {unknown}
Potions
 g - a potion of flight {unknown}
 h - 3 potions of ambrosia {unknown}
 l - a potion of mutation {unknown}
 n - a potion of heal wounds {unknown}
 p - a potion of lignification {unknown}
 r - a potion of haste {unknown}
 s - 2 potions of might {unknown}
 u - a potion of curing {unknown}
 v - a potion of invisibility {unknown}
Comestibles
 c - 10 rations
 f - 5 chunks of flesh


   Skills:
 + Level 4.6 Fighting
 * Level 7.6 Axes
 + Level 2.8 Armour
 + Level 2.8 Dodging
 + Level 0.4 Stealth


You had 5 spell levels left.
You didn't know any spells.
Your spell library was empty.

Dungeon Overview and Level Annotations

Branches:
Dungeon (5/15)
 Temple: D:4-7

Altars:


Innate Abilities, Weirdness & Mutations

You reflexively headbutt those who attack you in melee.
You have a pair of horns on your head.


Message History

f - 5 chunks of flesh (gained 2)
You see here a flail.
You open the door.
A hound and an ogre come into view.
Found a ring mail.
There is an open door here.
You hit the ogre.
The ogre is lightly wounded.
The ogre hits you with a giant club! The hound bites you.
You hit the ogre. You headbutt the ogre.
The ogre is moderately wounded.
You closely miss the hound. You block the hound's attack.
The ogre barely misses you. The hound bites you.
Your shield prevents you from hitting the ogre.
The ogre is moderately wounded.
You miss the hound. The hound bites you. The ogre hits you with a giant club!!
Ouch! That really hurt!
* * * LOW HITPOINT WARNING * * *
The hound bites you.
You die...

#.# # #.# #.# # #.#
#.### ##+# #.# #....
#...# ##.## ##### .....#
##...## # ......#
##.....# #
.......####......#######
......O@.......)........
......h####...##.#######
......# ##.###.# ....[#
### #.# #...# #.# ##+#
#.# #.# ... #.# ...
##.##


You could see an ogre and a hound.

Vanquished Creatures
  A phantom (D:4)
  A crimson imp (D:5)
  2 worker ants
  Robin (D:4)
  4 gnolls (D:3)
  4 adders (D:2)
  3 worms
  2 dart slugs (D:1)
  3 leopard geckos
  5 orcs
  5 bats
  3 giant cockroaches
  15 goblins
  7 hobgoblins
  5 jackals
  8 kobolds
  3 quokkas
  8 frilled lizards
  6 rats
86 creatures vanquished.

Notes
Turn   | Place    | Note
-------+----------+-------------------------------------------
     0 | D:1      | Dmuffinman the Minotaur Berserker began the quest for the Orb.
     0 | D:1      | Reached XP level 1. HP: 19/19 MP: 0/0
    87 | D:2      | Reached skill level 4 in Axes
    87 | D:2      | Reached XP level 2. HP: 21/27 MP: 1/1
   336 | D:2      | Reached XP level 3. HP: 29/33 MP: 2/2
   362 | D:2      | Reached skill level 5 in Axes
   488 | D:2      | Reached ** piety under Trog
   488 | D:2      | Reached XP level 4. HP: 23/41 MP: 3/3
  2039 | D:4      | Noticed a phantom
  2045 | D:4      | Reached skill level 6 in Axes
  2061 | D:4      | Killed a phantom
  2061 | D:4      | Reached XP level 5. HP: 14/47 MP: 4/4
  2521 | D:3      | Reached skill level 7 in Axes
  2527 | D:3      | Reached XP level 6. HP: 53/53 MP: 5/5
  2699 | D:4      | Noticed Robin
  2707 | D:4      | Killed Robin
  2746 | D:5      | Entered Level 5 of the Dungeon
  2802 | D:5      | Reached *** piety under Trog
  2995 | D:4      | HP: 1/53 [ogre/giant club (30)]
  2995 | D:4      | Slain by a hound

Vault maps used:
D:1:      saegor_arrival_miasma
D:3:      first_ration
D:4:      minmay_mini_ossuary, uniq_robin

Skill      XL: |  1  2  3  4  5 |
---------------+----------------+-----
Axes           | 4 5 6 7 |  7.6
Fighting       | 4 |  4.6
Armour         | |  2.8
Dodging        | |  2.8
Stealth        | |  0.4

Action                   |  1- 3 |  4- 6 || total
-------------------------+-------+-------++-------
Melee: Hand axe          |    68 |    62 ||   130
       Headbutt          |     8 |    15 ||    23
       War axe           |       |    64 ||    64
Invok: Berserk           |       |     2 ||     2
       Trog's Hand       |       |     1 ||     1
  Use: Scroll            |     1 |     6 ||     7
  Eat: Chunk             |       |     5 ||     5
       Ration            |       |     1 ||     1
Armor: Animal skin       |     2 |       ||     2
       Leather armour    |     8 |    22 ||    30
Dodge: Dodged            |    40 |    60 ||   100
Block: Large shield      |       |    15 ||    15

Table legend:
 A = Spawn XP
 B = Non-spawn XP
 C = Spawn XP percentage of total XP
 D = Spawn monster count
 E = Non-spawn monster count
 F = Spawn count percentage of total count
 G = Total turns spent on level
                    A         B        C        D         E        F      G
               +---------+---------+-------+---------+---------+-------+---------
         Total |       0 |     503 |   0.0 |       0 |      86 |   0.0 |  2995
               +---------+---------+-------+---------+---------+-------+---------
           D:1 |       0 |      39 |   0.0 |       0 |      20 |   0.0 |   685
           D:2 |       0 |      91 |   0.0 |       0 |      24 |   0.0 |  1134
           D:3 |       0 |     107 |   0.0 |       0 |      27 |   0.0 |   555
           D:4 |       0 |     187 |   0.0 |       0 |      13 |   0.0 |   530
           D:5 |       0 |      79 |   0.0 |       0 |       2 |   0.0 |    91
               +---------+---------+-------+---------+---------+-------+---------
